 Dungeon Crawl Stone Soup version 0.18-a0-1721-gc4d1f22 (webtiles) character file.

3601 azaza322 the Blocker (level 10, -18/61 HPs)
             Began as a Gargoyle Fighter on Apr 9, 2016.
             Was a Believer of Okawaru.
             Killed from afar by Pikel (25 damage)
             ... with a wand of acid
             ... on level 9 of the Dungeon.
             The game lasted 00:22:28 (6658 turns).

azaza322 the Blocker (Gargoyle Fighter)             Turns: 6658, Time: 00:22:29

Health: -18/61     AC: 15    Str: 24    XL:     10   Next: 10%
Magic:  8/8        EV:  9    Int:  8    God:    Okawaru [**....]
Gold:   494        SH: 16    Dex: 21    Spells: 0 memorised, 9 levels left

rFire  + . .     SeeInvis .     u - +1 flail (crush)
rCold  . . .     Gourm    .     t - +1 scale mail {rF+}
rNeg   + . .     Faith    .     c - +1 shield
rPois  ∞         Spirit   .     E - +2 hat
rElec  +         Dismiss  .     z - +0 cloak
rCorr  .         Reflect  .     r - +0 pair of gloves
SustAt .         Harm     .     K - +0 pair of boots
MR     .....                    (no amulet)
Stlth  +.........               e - +6 ring of dexterity
                                j - +4 ring of dexterity

@: corroded, very slightly contaminated, hasted, invisible, very quick, not
resistant to hostile enchantments, very unstealthy
A: talons 1, large bone plates 1, camouflage 1, agile 1, blurry vision 1, low mp
2, negative energy resistance 1, screaming 1, electricity resistance, wild magic
1, unbreathing, petrification resistance, rot immunity, AC +7
a: Heroism, Renounce Religion


You were on level 9 of the Dungeon.
You worshipped Okawaru.
Okawaru was pleased with you.
You were not hungry.

You visited 2 branches of the dungeon, and saw 10 of its levels.

You collected 494 gold pieces.

Inventory:

Hand Weapons
 a - a +0 flail
 s - a +0 mace of draining
 u - a +1 flail of crushing (weapon)
Missiles
 h - 274 stones (quivered)
Armour
 c - a +1 shield (worn)
 r - a +0 pair of gloves (worn)
 t - a +1 scale mail of fire resistance (worn)
 z - a +0 cloak (worn)
 E - a +2 hat (worn)
 K - a +0 pair of boots (worn)
Jewellery
 e - a +6 ring of dexterity (right hand)
 j - a +4 ring of dexterity (left hand)
 q - an uncursed ring of sustain attributes
 v - an uncursed ring of resist corrosion
 L - a cursed ring of see invisible {unknown}
Wands
 y - a wand of slowing (14/48)
 C - a wand of lightning (12/15)
 I - a wand of lightning (3/15)
Scrolls
 b - a scroll of enchant weapon {unknown}
 g - a scroll of amnesia
 k - 2 scrolls of blinking {unknown}
 n - 2 scrolls of recharging {unknown}
 p - a scroll of teleportation
 w - 2 scrolls of identify
 F - a scroll of random uselessness {unknown}
 G - 3 scrolls of fog {unknown}
 H - a scroll of holy word {unknown}
 M - a scroll of fear {unknown}
Potions
 d - 3 potions of might
 i - 4 potions of agility
 l - 2 potions of invisibility
 o - 2 potions of resistance
 x - a potion of degeneration
 A - a potion of magic
 J - a potion of berserk rage
Comestibles
 f - 2 bread rations
 B - 2 meat rations


   Skills:
 + Level 6.6 Fighting
 + Level 7.2 Maces & Flails
 + Level 7.0 Armour
 + Level 10.8 Shields
 + Level 1.2 Evocations


You had 9 spell levels left.
You didn't know any spells.

Dungeon Overview and Level Annotations

Branches:
Dungeon (9/15)             Temple (1/1) D:5
   Lair: D:8-11         Orc: D:9-12

Altars:
Ashenzari
Cheibriados
Dithmenos
Elyvilon
Fedhas
Gozag
Kikubaaqudgha
Makhleb
Nemelex Xobeh
Okawaru
Pakellas
Qazlal
Ru
Sif Muna
Trog
Vehumet
Xom
Yredelemnul
Zin
The Shining One

Annotations:
D:9 Pikel


Innate Abilities, Weirdness & Mutations

You are resistant to torment.
Your stone body is resilient (AC +7).
You are immune to poison.
You resist negative energy.
You are resistant to electric shocks.
You can survive without breathing.
You are immune to petrification.
You are immune to rotting.
You have sharp toenails.
You are partially covered in large bone plates (AC +2, SH +2).
Your skin changes colour to match your surroundings (Stealth).
You are agile. (Dex +2)
Scrolls take you a little longer to read.
Your magical capacity is very low (-20% MP).
You occasionally shout uncontrollably at your foes.
Your spells are a little harder to cast, but a little more powerful.


Message History

You miss something.
Pikel zaps a wand.
The bolt of acid hits you! The acid corrodes you!
The acid burns!
* * * LOW HITPOINT WARNING * * *
You hear some strange, mumbled words.
A puff of flame appears from out of thin air!
The puff of flame hits you! You resist.
* * * LOW HITPOINT WARNING * * *
You feel better.
You hear some strange, mumbled words.
Something tries to affect you, but you resist.
All of the chunks of flesh in your inventory have rotted away.
It was a potion of haste.
You feel yourself speed up. Something hits you but does no damage.
You are very lightly contaminated with residual magic.
You fade into invisibility!
Pikel zaps a wand.
The bolt of acid hits something.
The acid corrodes something!
Reactivating autopickup.
You feel a bit more experienced. The bolt of acid hits you!
You die...

.# #........... .#
#####.#...######
.###.....##.##
..##.#####..# ########.
...†.## #..#####........
.##†..####.^.#....#######
....#..........#######
##.......#.#.#####...#..
######.......pK)@Z......
# ##......pp###...###
#........W# ..#
#..##........ .#
#.##..#.pp..... .. .
#.#.....#.p...## ..#
#.#.#.......#. .# #
#.##........ ## #.
##..#....


You could see Pikel, 3 slaves and a water moccasin zombie.

Vanquished Creatures
  The ghost of George the Shield-Bearer, a novice FoFi (D:6)
  The ghost of ishmael the Grappler, a novice TrMo of Makhleb (D:5)
  A wyvern (D:9)
  A hungry ghost (D:9)
  A water moccasin (D:4)
  An ice beast (D:4)
  An orc warrior (D:9)
  A wasp (D:8)
  A centaur (D:8)
  3 giant frogs
  3 scorpions
  13 killer bees
  2 howler monkeys
  A giant frog zombie (D:5)
  2 crimson imps
  A quasit (D:8)
  4 hounds
  A jelly (D:7)
  4 orc priests
  A centaur skeleton (D:5)
  A giant frog skeleton (D:8)
  An iguana (D:5)
  5 orc wizards
  Terence (D:3)
  6 worker ants
  A hound skeleton (D:8)
  A hound zombie (D:5)
  3 worker ant zombies
  4 gnolls (D:5)
  8 adders
  An ooze (D:6)
  An adder zombie (D:8)
  2 adder skeletons
  4 worms
  6 dart slugs
  5 giant geckos
  28 orcs
  11 giant cockroaches
  6 goblins
  10 hobgoblins
  4 jackals
  4 quokkas
  3 bats
  A giant gecko skeleton (D:6)
  A giant gecko zombie (D:7)
  5 giant newts
  11 kobolds
  4 rats
182 creatures vanquished.

Vanquished Creatures (others)
  A scorpion (D:5)
  A hound (D:5)
  An orc wizard (D:9)
  An adder (D:5)
  A worm (D:5)
  2 jackals (D:5)
7 creatures vanquished.

Grand Total: 189 creatures vanquished

Notes
Turn   | Place    | Note
--------------------------------------------------------------
     0 | D:1      | azaza322 the Gargoyle Fighter began the quest for the Orb.
     0 | D:1      | Reached XP level 1. HP: 14/14 MP: 1/1
   123 | D:1      | Reached XP level 2. HP: 17/19 MP: 2/2
   325 | D:1      | Reached skill level 4 in Shields
   325 | D:1      | Reached XP level 3. HP: 15/23 MP: 3/3
   905 | D:2      | Reached XP level 4. HP: 26/28 MP: 4/4
  1601 | D:3      | Found a white marble altar of Elyvilon.
  1675 | D:3      | Noticed Terence
  1692 | D:3      | Killed Terence
  1692 | D:3      | Reached XP level 5. HP: 33/33 MP: 5/5
  2059 | D:3      | Gained mutation: You have sharp toenails. [potion of mutation]
  2059 | D:3      | Gained mutation: Scrolls take you a little longer to read. [potion of mutation]
  2059 | D:3      | Gained mutation: You are agile. (Dex +2) [potion of mutation]
  2150 | D:4      | Reached skill level 5 in Shields
  2327 | D:4      | Found a snail-covered altar of Cheibriados.
  2348 | D:4      | Reached XP level 6. HP: 21/38 MP: 6/6
  2649 | D:4      | Reached XP level 7. HP: 40/44 MP: 7/7
  2868 | D:5      | Entered Level 5 of the Dungeon
  2869 | D:5      | Found a sparkling altar of Nemelex Xobeh.
  2904 | D:4      | Reached skill level 5 in Armour
  2904 | D:4      | Reached skill level 6 in Shields
  3034 | D:5      | Gained mutation: You are partially covered in large bone plates (AC +2, SH +2). [potion of mutation]
  3034 | D:5      | Gained mutation: Your magical capacity is low (-10% MP). [potion of mutation]
  3034 | D:5      | Lost mutation: Your magical capacity is low (-10% MP). [potion of mutation]
  3035 | D:5      | Gained mutation: Your skin changes colour to match your surroundings (Stealth). [potion of mutation]
  3035 | D:5      | Gained mutation: Your magical capacity is low (-10% MP). [potion of mutation]
  3035 | D:5      | Gained mutation: Your magical capacity is very low (-20% MP). [potion of mutation]
  3061 | D:5      | Reached XP level 8. HP: 48/48 MP: 6/6
  3085 | D:5      | Reached skill level 7 in Shields
  3260 | D:5      | Noticed ishmael's ghost (novice TrMo)
  3276 | D:5      | Killed ishmael's ghost
  3276 | D:5      | Reached skill level 5 in Fighting
  3276 | D:5      | Reached skill level 5 in Maces & Flails
  3304 | D:5      | Found a deep blue altar of Sif Muna.
  3434 | D:5      | Found a shimmering altar of Xom.
  3447 | D:5      | Found a staircase to the Ecumenical Temple.
  3529 | D:5      | Found an iron altar of Okawaru.
  3672 | Temple   | Entered the Ecumenical Temple
  3756 | D:5      | Became a worshipper of Warmaster Okawaru
  3807 | D:5      | Reached skill level 8 in Shields
  3877 | D:6      | Noticed George's ghost (novice FoFi)
  3931 | D:6      | Killed George's ghost
  3931 | D:6      | Reached * piety under Okawaru
  3931 | D:6      | Reached skill level 1 in Evocations
  3931 | D:6      | Reached XP level 9. HP: 53/55 MP: 6/7
  4005 | D:6      | Found a blossoming altar of Fedhas.
  4452 | D:7      | Found a glowing golden altar of the Shining One.
  4775 | D:7      | Gained mutation: You occasionally shout uncontrollably at your foes. [potion of mutation]
  4775 | D:7      | Gained mutation: Your spells are a little harder to cast, but a little more powerful. [potion of mutation]
  4808 | D:7      | Reached skill level 9 in Shields
  5153 | D:7      | Found a basalt altar of Yredelemnul.
  5154 | D:7      | Found a sacrificial altar of Ru.
  5299 | D:8      | Reached ** piety under Okawaru
  5696 | D:9      | Reached skill level 10 in Shields
  6098 | D:8      | Found a shattered altar of Ashenzari.
  6530 | D:8      | Reached XP level 10. HP: 61/61 MP: 8/8
  6636 | D:9      | Noticed Pikel
  6655 | D:9      | HP: 1/61 [something/puff of flame (5)]
  6658 | D:9      | Killed from afar by Pikel

Vault maps used:
D:1:      dpeg_arrival_lava_temple_mockup
D:2:      minmay_door_path
D:3:      nicolae_overflow_crystal_walls, first_bread, uniq_terence
D:4:      cheibriados_altar_1
D:5:      okawaru_metal_pillars_3, led_sif_book, minmay_temple_entry_statues,
          basic_altar, xom_confusion_cloud
D:6:      fedhas_altar_1
D:7:      old_standard_altar, gammafunk_temple_overflow_statue
D:8:      ashenzari_altar_1
D:9:      uniq_pikel
Temple:   temple_eino_lava_12

Skill      XL: |  1  2  3  4  5  6  7  8  9 10 |
---------------+-------------------------------+-----
Shields        | 4 5 6 8 10 | 10.8
Armour         | 4 5 6 7 |  7.0
Fighting       | 4 5 6 |  6.6
Maces & Flails | 3 4 6 7 |  7.2
Evocations     | 1 |  1.2

Action                   |  1- 3 |  4- 6 |  7- 9 | 10-12 || total
-------------------------+-------+-------+-------+-------++-------
Melee: Flail             |   131 |       |   376 |    34 ||   541
       Mace              |     9 |   249 |    10 |       ||   268
Throw: Stone             |    21 |       |       |       ||    21
Evoke: Wand              |       |       |     5 |       ||     5
  Use: Scroll            |     3 |     6 |     5 |       ||    14
       Potion            |       |     1 |     3 |     3 ||     7
 Stab: Sleeping          |       |       |     2 |       ||     2
  Eat: Chunk             |       |     7 |    11 |       ||    18
       Bread ration      |       |       |     1 |       ||     1
       Pizza             |       |       |     1 |       ||     1
